AoeStats
← Dovahkiin

Black Forest

509930523Analyzed
3v3 RM · 3d ago on Sep 28, 2026· 57m 58s· 6 players
Game mode
Random Map
Map size
Normal (6 player)
Population
200
Speed
Normal
Resources
Standard
Victory
Conquest
Starting age
Dark Age
Ending age
Imperial Age
RankedLock teamsTeams togetherTeam positionsShared explorationLock speedFull tech treeHidden civsTurbo modeCheats
Victory
Defeat
🇩🇪 Bohemians · Germany
1058
+12
🇬🇧 Byzantines · United Kingdom
1002
+14
🇭🇰 Franks · Hong Kong SAR China
929
+17
🇩🇪 Persians · Germany
987
-15
🇳🇱 Hindustanis · Netherlands
969
-15
🇹🇷 Bohemians · Türkiye
935
-13
[AoS] jOhNChiLLy
1:35 Loom
12:15 Feudal Age
17:27 Castle Age
15:20 Double-Bit Axe
15:59 Horse Collar
22:40 Bow Saw
26:02 Heavy Plow
26:31 Fishing Lines
27:33 Wheelbarrow
27:10 Gold Mining
29:55 Hand Cart
29:38 Fletching
30:00 Forging
29:57 Scale Barding Armor
29:55 Padded Archer Armor
29:21 Elite Skirmisher
30:14 Bloodlines
30:07 Husbandry
30:32 Grand Trunk Road
30:38 Caravan
32:14 Bodkin Arrow
32:55 Iron Casting
32:44 Chain Barding Armor
32:42 Pikeman
33:26 Squires
36:47 Imperial Age
35:37 Leather Archer Armor
35:24 Scale Mail Armor
35:47 Gillnets
36:19 Thumb Ring
36:58 Ballistics
36:34 Murder Holes
36:57 Stone Mining
38:10 Conscription
39:09 Chemistry
37:35 Heavy Camel Rider
39:20 Blast Furnace
38:56 Plate Barding Armor
38:22 Bracer
38:54 Ring Archer Armor
40:00 Chain Mail Armor
40:29 Shatagni
40:35 Imperial Camel Rider
Dovahkiin
10:28 Feudal Age
14:26 Castle Age
12:44 Double-Bit Axe
16:26 Horse Collar
20:31 Heavy Plow
23:10 Wheelbarrow
22:42 Padded Archer Armor
23:21 Fletching
23:49 Leather Archer Armor
28:35 Hand Cart
29:53 Loom
29:54 Town Watch
30:11 Bodkin Arrow
30:28 Caravan
31:16 Devotion
34:07 Imperial Age
31:27 Town Watch
33:15 Wagenburg Tactics
34:23 Elite Hussite Wagon
35:45 Bow Saw
36:09 Ring Archer Armor
35:40 Bracer
35:47 Town Patrol
36:50 Chemistry
36:11 Ballistics
35:59 Siege Engineers
35:53 Murder Holes
36:10 Masonry
37:52 Two-Man Saw
37:02 Houfnice
53:08 Hussite Reforms
[AoS] SenolMurat
0:59 Loom
10:51 Feudal Age
11:56 Double-Bit Axe
12:51 Horse Collar
18:24 Castle Age
19:42 Heavy Plow
20:00 Bow Saw
22:17 Wheelbarrow
21:55 Gold Mining
21:57 Stone Mining
22:14 Fishing Lines
23:31 Hand Cart
24:55 Town Watch
29:02 Imperial Age
28:13 Caravan
30:38 Kamandaran
30:58 Conscription
31:41 Crop Rotation
31:33 Elite War Elephant
32:44 Scale Barding Armor
34:00 Two-Man Saw
32:27 Crossbowman
35:11 Thumb Ring
35:33 Husbandry
35:47 Bloodlines
35:32 Fletching
35:45 Padded Archer Armor
37:08 Chemistry
37:41 Bodkin Arrow
38:03 Leather Archer Armor
38:10 Chain Barding Armor
38:02 Forging
43:18 Cavalier
43:38 Pikeman
44:18 Squires
44:51 Halberdier
48:17 Heavy Camel Rider
Kaizoku Oh
0:26 Loom
10:19 Feudal Age
16:36 Double-Bit Axe
16:35 Horse Collar
19:14 Castle Age
20:50 Bow Saw
22:13 Heavy Plow
24:15 Fishing Lines
26:04 Pikeman
26:46 Squires
28:00 Scale Mail Armor
29:02 Gillnets
32:18 Wheelbarrow
33:25 Thumb Ring
32:41 Crossbowman
33:14 Fletching
33:27 Padded Archer Armor
35:03 Hand Cart
38:00 Coinage
38:47 Fortified Wall
38:58 Ballistics
38:35 Murder Holes
38:21 Treadmill Crane
41:23 Imperial Age
39:42 Leather Archer Armor
39:22 Bodkin Arrow
39:38 Forging
39:43 Chain Mail Armor
42:53 Crop Rotation
42:23 Elite Varangian Guard
42:34 Arbalester
43:31 Bracer
43:38 Gold Mining
45:18 Ring Archer Armor
45:24 Iron Casting
45:20 Plate Mail Armor
44:56 Scale Barding Armor
44:20 Man-at-Arms
44:21 Halberdier
45:47 Conscription
45:39 Logistica
47:00 Onager
51:46 Caravan
54:31 Two-Man Saw
54:08 Halberdier
55:34 Spies/Treason
Maudi
0:30 Loom
12:50 Feudal Age
17:23 Castle Age
15:17 Double-Bit Axe
15:23 Horse Collar
19:10 Wheelbarrow
19:02 Fervor
28:12 Town Watch
28:53 Sanctity
31:46 Imperial Age
29:32 Murder Holes
29:49 Fortified Wall
30:40 Chemistry
29:58 Heavy Plow
30:30 Bow Saw
32:03 Murder Holes
32:34 Fletching
32:46 Padded Archer Armor
33:26 Bodkin Arrow
33:31 Scale Mail Armor
33:41 Forging
34:02 Squires
34:20 Hand Cart
34:30 Ballistics
35:13 Conscription
35:02 Wagenburg Tactics
34:39 Pikeman
35:06 Arson
36:59 Hussite Reforms
37:05 Houfnice
37:52 Bracer
38:27 Iron Casting
38:08 Chain Mail Armor
38:31 Illumination
38:23 Block Printing
38:44 Theocracy
38:34 Elite Skirmisher
41:37 Siege Engineers
41:55 Halberdier
43:34 Arrowslits
44:00 Masonry
48:59 Leather Archer Armor
50:30 Chain Mail Armor
51:16 Blast Furnace
50:46 Ring Archer Armor
51:59 Plate Mail Armor
54:28 Scale Barding Armor
54:57 Architecture
53:50 Elite Hussite Wagon
BabyShark
5:47 Loom
11:33 Feudal Age
12:27 Double-Bit Axe
17:57 Castle Age
27:50 Imperial Age
25:57 Wheelbarrow
25:08 Town Watch
25:33 Gold Mining
26:07 Fishing Lines
27:33 Hand Cart
28:20 Bow Saw
28:20 Scale Barding Armor
28:26 Forging
28:14 Gillnets
30:37 Chain Barding Armor
30:53 Iron Casting
31:10 Gold Shaft Mining
30:47 Caravan
34:40 Plate Barding Armor
35:06 Blast Furnace
34:11 Husbandry
33:32 Cavalier
34:34 Conscription
35:17 Paladin
42:39 Light Cavalry
48:48 Fortified Wall
48:20 Treadmill Crane
59:07 Chemistry
58:27 Ballistics
58:18 Masonry
58:22 Clinker Construction
Connection lost

Rejoining the realm…

Still unreachable

The connection could not be restored.

Session expired

The server has moved on; the page needs a fresh start.